 Dungeon Crawl Stone Soup version 0.19-a0-1007-g133f65f (webtiles) character file.

34142 mistymad the Fighter (level 14, -3/118 HPs)
             Began as a Formicid Abyssal Knight on July 21, 2016.
             Was the Champion of Lugonu.
             Slain by an eight-headed hydra (6 damage)
             ... on level 6 of the Lair of Beasts.
             The game lasted 01:09:39 (23621 turns).

mistymad the Fighter (Formicid Abyssal Knight)     Turns: 23621, Time: 01:09:42

Health: -3/118     AC: 20    Str: 20    XL:     14   Next: 11%
Magic:  17/20      EV:  6    Int: 14    God:    Lugonu [******]
Gold:   1063       SH: 12    Dex: 15    Spells: 0 memorised, 13 levels left

rFire  + . .     SeeInvis +     q - +0 long sword
rCold  . . .     Gourm    .     v - +2 scale mail {rF+}
rNeg   . . .     Faith    .     D - +0 shield
rPois  +         Spirit   .     (helmet unavailable)
rElec  .         Dismiss  .     H - +2 cloak {rPois}
rCorr  .         Reflect  .     I - +0 pair of gloves
SustAt .         Harm     .     y - +2 pair of boots
MR     +....                    (no amulet)
Stlth  ..........               t - +2 ring of slaying
                                m - +5 ring of dexterity

@: very slightly contaminated, starving, somewhat resistant to hostile
enchantments, extremely unstealthy
A: permanent stasis, dig shafts and tunnels, four strong arms, antennae 3
a: Dig, Shaft Self, Depart the Abyss, Bend Space, Banish, Corrupt, Enter the
Abyss, Brand Weapon With Distortion, Renounce Religion


You were on level 6 of the Lair of Beasts.
You worshipped Lugonu.
Lugonu was exalted by your worship.
You were starving.

You visited 3 branches of the dungeon, and saw 19 of its levels.
You visited the Abyss 1 time.
You also visited: Ice Cave.

You collected 1063 gold pieces.

Inventory:

Hand Weapons
 e - the +9 sword of Zonguldrok {reap}
   (You acquired it on level 9 of the Dungeon)

   If a monster killed with it leaves a corpse in good enough shape, the corpse
   will be animated as a zombie friendly to the killer.
 q - a +0 long sword (weapon)
Missiles
 o - a throwing net (quivered)
Armour
 v - a +2 scale mail of fire resistance (worn)
 y - a +2 pair of boots (worn)
 D - a +0 shield (worn)
 H - a +2 cloak of poison resistance (worn)
 I - a +0 pair of gloves (worn)
Jewellery
 d - an uncursed ring of protection from magic
 j - an uncursed ring of fire
 m - a +5 ring of dexterity (left hand)
 t - a +2 ring of slaying (right hand)
 G - an uncursed ring of positive energy
 J - an uncursed ring of protection from fire
 P - an uncursed ring of positive energy
 S - an uncursed ring of protection from magic
Wands
 a - a wand of polymorph (12/24)
 B - a wand of flame (28/48)
 E - a wand of confusion (48/48)
 F - a wand of polymorph (7/24)
 R - a wand of enslavement (6/24)
 T - a wand of flame (15/48)
Scrolls
 b - 4 scrolls of magic mapping
 h - 10 scrolls of identify
 k - 10 scrolls of remove curse
 x - a scroll of enchant weapon
 C - a scroll of fog
 L - a scroll of enchant armour
 O - a scroll of recharging
Potions
 g - 2 potions of mutation
 i - 8 potions of curing
 p - 3 potions of brilliance
 r - a potion of resistance
 s - 3 potions of heal wounds
 w - a potion of beneficial mutation
 z - 3 potions of agility
 A - 3 potions of magic
 M - 2 potions of flight
 N - 4 potions of might
 Q - 2 potions of invisibility
Comestibles
 c - 12 bread rations
 f - 14 meat rations
 l - 4 slices of pizza
 n - 5 royal jellies
 u - 9 beef jerkies


   Skills:
 + Level 13.3 Fighting
 + Level 12.0 Long Blades
 + Level 13.2 Armour
 - Level 2.0 Dodging
 + Level 9.3 Shields
 - Level 8.0 Invocations


You had 13 spell levels left.
You didn't know any spells.

Dungeon Overview and Level Annotations

Branches:
Dungeon (12/15)            Temple (1/1) D:7            Lair (6/6) D:10
  Swamp (0/4) Lair:2        Snake (0/4) Lair:3        Slime (0/5) Lair:5
    Orc (0/2) D:12

Altars:
Ashenzari
Cheibriados
Dithmenos
Elyvilon
Fedhas
Gozag
Hepliaklqana
Kikubaaqudgha
Makhleb
Nemelex Xobeh
Okawaru
Pakellas
Qazlal
Ru
Sif Muna
Trog
Uskayaw
Vehumet
Xom
Yredelemnul
Zin
The Shining One

Shops:
D:5 !   D:7 [   D:10 *:

Annotations:
D:10 Snorg


Innate Abilities, Weirdness & Mutations

You are under a permanent stasis effect.
You can dig through walls and to a lower floor.
Your four strong arms can wield two-handed weapons with a shield.
You have a pair of large antennae on your head. (SInv)


Message History

Moving in this stuff is going to be slow.
The blink frog blinks!
The blink frog blinks!
The blink frog hits you!
* * * LOW HITPOINT WARNING * * *
There is a stone staircase leading up here.
You take 11 damage, and have 27/118 hp.
The blink frog hits you but does no damage.
You block the blink frog's attack.
The blink frog blinks!
The eight-headed hydra bites you but does no damage.
The eight-headed hydra bites you!
* * * LOW HITPOINT WARNING * * *
The eight-headed hydra closely misses you.
You block the eight-headed hydra's attack.
The eight-headed hydra bites you.
* * * LOW HITPOINT WARNING * * *
The eight-headed hydra bites you!
* * * LOW HITPOINT WARNING * * *
The eight-headed hydra bites you.
You die...

..P...###
######...{#{##.....##
...#P##
#.##.#...#####.....#
..P### ##.......##
#.##F.#### ....#
##....≈≈...####.D......
...##
#P.≈≈≈≈≈≈≈..###.§......
...#
#.≈≈≈≈≈≈≈≈≈.†##......##
..##
##.≈≈≈≈≈≈≈≈≈.#.##.....##
..#
≈≈.≈≈≈..≈§≈≈.##.#....#..
..#
P≈≈≈≈≈F@D≈≈≈≈≈#.........
###
##..≈≈≈≈≈≈≈≈≈≈≈##........
#
##≈≈≈≈≈≈≈≈≈≈≈≈#.........
#
#..≈F≈≈≈≈≈≈≈.###........
#
#...≈≈≈≈≈≈≈.#####P......
##
###≈.≈.≈.≈..#..#........
.###
#≈#≈≈#........#...#...#
.#.#
####≈##P..........#...#
.#.## # ##...#.###.....##


You could see an eight-headed hydra and 2 blink frogs.

Vanquished Creatures
  Nessos (D:12)
  The ghost of FrancescoMac the Fighter, a journeyman DsGl of Uskayaw (Lair:1)
  Erolcha (D:10)
  A centaur warrior (D:10)
  A death yak (Lair:4)
  An unseen horror (D:11)
  A hill giant (D:11)
  A griffon (Lair:6)
  A deep elf mage (D:12)
  8 elephants
  6 black mambas
  8 spiny frogs
  A torpor snail (Lair:6)
  11 rime drakes
  The ghost of Shenda the Skirmisher, an amateur OgHu (D:4)
  3 komodo dragons
  A troll (D:11)
  A two-headed ogre (D:11)
  A meliai zombie (D:9)
  2 vampires
  A spriggan (D:12)
  A human (D:12)
  18 yaks
  2 basilisks
  6 hippogriffs
  A steam dragon (D:12)
  3 wargs (D:12)
  A swamp worm (Lair:2)
  2 nagas (Lair:3)
  14 water moccasins
  4 porcupines
  6 orc warriors
  A wasp (D:9)
  2 sky beasts
  3 black bears
  2 ice beasts
  3 phantoms
  3 necrophages
  6 ogres
  4 centaurs
  12 wolves
  11 crocodiles
  A big kobold (D:9)
  22 giant frogs
  A wyvern zombie (D:7)
  A gnoll sergeant (D:6)
  A scorpion (D:12)
  4 killer bees (D:7)
  3 howler monkeys
  3 wights (D:11)
  7 crimson imps
  A giant frog zombie (D:10)
  A quasit (D:10)
  2 centaur skeletons
  10 hounds
  9 jellies
  6 orc priests
  5 giant frog skeletons
  Terence (D:3)
  2 hell rats (Lair:2)
  14 orc wizards
  10 worker ants
  6 iguanas
  4 hound skeletons
  2 worker ant zombies
  14 gnolls
  18 adders
  45 river rats
  2 shadow imps
  5 white imps (IceCv)
  4 ufetubi (IceCv)
  4 oozes
  2 adder zombies
  An adder skeleton (D:5)
  A dart slug (D:4)
  7 giant geckos
  48 orcs
  16 bats
  8 giant cockroaches
  10 goblins
  8 hobgoblins
  9 jackals
  10 kobolds
  12 quokkas
  5 giant newts
  A jackal zombie (D:6)
  A quokka skeleton (D:5)
  14 rats
  A fungus (D:10)
520 creatures vanquished.

Vanquished Creatures (collateral kills)
  A spiny frog (Lair:6)
  A centaur skeleton (D:11)
  4 yaks (Lair:6)
  A basilisk (Lair:3)
  A hippogriff (Lair:5)
  8 wolves (Lair:3)
  2 giant frogs (Lair:3)
  2 wights (D:11)
  2 iguanas
  2 river rats (Lair:2)
  4 orcs
  A fungus (Lair:4)
  2 plants
31 creatures vanquished.

Vanquished Creatures (others)
  An elf (D:5)
  A white imp (IceCv)
  3 ufetubi (IceCv)
  12 fungi
  7 plants (Lair:6)
24 creatures vanquished.

Grand Total: 575 creatures vanquished

Notes
Turn   | Place    | Note
-------+----------+-------------------------------------------
     0 | Abyss:1  | mistymad the Formicid Abyssal Knight began the quest for the Orb.
     0 | Abyss:1  | Reached XP level 1. HP: 18/18 MP: 2/2
     1 | D:1      | Escaped the Abyss
    45 | D:1      | Reached * piety under Lugonu
    45 | D:1      | Reached skill level 1 in Dodging
   253 | D:1      | Reached XP level 2. HP: 24/24 MP: 3/3
   512 | D:1      | Reached XP level 3. HP: 29/29 MP: 4/4
  1134 | D:2      | Reached ** piety under Lugonu
  1260 | D:2      | Reached XP level 4. HP: 33/37 MP: 5/5
  1321 | D:2      | Found a stormy altar of Qazlal.
  1707 | D:3      | Noticed Terence
  1722 | D:3      | Killed Terence
  1722 | D:3      | Reached XP level 5. HP: 38/42 MP: 6/6
  1777 | D:3      | Found a shattered altar of Ashenzari.
  2130 | D:3      | Reached *** piety under Lugonu
  2329 | D:3      | Reached XP level 6. HP: 49/49 MP: 7/7
  2334 | D:3      | Found a glowing golden altar of the Shining One.
  2394 | D:3      | Found a bloodstained altar of Trog.
  2748 | D:4      | Reached skill level 5 in Fighting
  2750 | D:4      | Noticed Shenda's ghost (amateur OgHu)
  3442 | D:4      | Reached XP level 7. HP: 52/56 MP: 8/8
  3470 | D:4      | Found a glowing golden altar of the Shining One.
  3705 | D:5      | Entered Level 5 of the Dungeon
  3753 | D:5      | Found an oddly glowing altar of Pakellas.
  3753 | D:5      | Noticed an elf
  3761 | D:5      | Killed an elf
  3763 | D:5      | Noticed an acid blob
  3903 | D:5      | Found Fiynt's Distillery.
  4530 | D:6      | Reached skill level 5 in Armour
  4550 | D:6      | Noticed a water moccasin
  4578 | D:5      | Killed a water moccasin
  4578 | D:5      | Reached skill level 5 in Long Blades
  4610 | D:5      | HP: 2/57 [poisoned by a water moccasin]
  4929 | D:5      | Reached XP level 8. HP: 64/64 MP: 9/9
  5580 | D:6      | Reached skill level 1 in Shields
  5692 | D:6      | Found a sparkling altar of Nemelex Xobeh.
  5881 | D:6      | Reached **** piety under Lugonu
  6228 | D:4      | Killed Shenda's ghost
  6228 | D:4      | Reached XP level 9. HP: 27/72 MP: 10/10
  6518 | D:7      | Found a staircase to the Ecumenical Temple.
  7177 | D:7      | Found a hazy altar of Hepliaklqana.
  7261 | D:7      | Found Xoyl's Armour Emporium.
  7397 | D:7      | Found a snail-covered altar of Cheibriados.
  7511 | D:7      | Found a glowing silver altar of Zin.
  8065 | D:7      | Reached skill level 5 in Shields
  8194 | D:7      | Reached XP level 10. HP: 37/80 MP: 11/11
  8424 | D:7      | You fall through a shaft for 2 floors!
  8700 | Temple   | Entered the Ecumenical Temple
  9303 | D:8      | Reached ***** piety under Lugonu
 10506 | D:9      | Noticed a brown ugly thing
 11896 | D:10     | Entered Level 10 of the Dungeon
 11908 | D:10     | Noticed Snorg
 11990 | D:10     | Noticed Erolcha
 12022 | D:10     | Killed Erolcha
 12022 | D:10     | Reached XP level 11. HP: 87/89 MP: 11/13
 12398 | D:9      | HP: 2/89 [meliai zombie (8)]
 12688 | D:10     | Found Jiplarcha's Book Shop.
 13034 | D:10     | Found a staircase to the Lair.
 13133 | Lair:1   | Entered Level 1 of the Lair of Beasts
 13313 | Lair:1   | Noticed FrancescoMac's ghost (journeyman DsGl)
 13764 | D:10     | Noticed a centaur warrior
 13786 | D:10     | Killed a centaur warrior
 13786 | D:10     | Reached skill level 10 in Fighting
 13930 | D:10     | Found Pacokub's Serpentskin Sales.
 14924 | D:11     | Noticed a hill giant
 15216 | D:9      | Identified a scroll of acquirement
 15474 | D:11     | Reached skill level 10 in Armour
 15511 | D:11     | Reached skill level 5 in Invocations
 15527 | D:11     | Noticed an unseen horror
 15533 | D:11     | Killed an unseen horror
 15760 | D:11     | Killed a hill giant
 15760 | D:11     | Reached XP level 12. HP: 72/98 MP: 16/16
 16165 | D:12     | Noticed Nessos
 16208 | D:12     | Killed Nessos
 16312 | D:12     | Reached ****** piety under Lugonu
 16328 | D:12     | Found a staircase to the Orcish Mines.
 17265 | Lair:1   | Killed FrancescoMac's ghost
 17265 | Lair:1   | Reached skill level 10 in Long Blades
 17901 | Lair:2   | Found a frozen archway.
 17921 | IceCv    | Entered an ice cave
 18486 | Lair:2   | Found a staircase to the Swamp.
 19045 | Lair:2   | Reached XP level 13. HP: 107/107 MP: 19/19
 19362 | Lair:2   | Got a pair of faintly humming boots
 19373 | Lair:2   | Identified the -5 pair of boots "Lotunexi" {rF+ MR+} (You acquired it on level 2 of the Lair of Beasts)
 19674 | Lair:3   | Found a staircase to the Snake Pit.
 21927 | Lair:5   | Found a staircase to the Slime Pits.
 22033 | Lair:5   | Got a dazzling lajatang
 22034 | Lair:5   | Identified the cursed +3 lajatang "Giantslayer" {slice, rF+} (You found it on level 5 of the Lair of Beasts)
 22553 | Lair:6   | Entered Level 6 of the Lair of Beasts
 22848 | Lair:6   | Reached XP level 14. HP: 56/118 MP: 20/20
 23621 | Lair:6   | HP: 3/118 [eight-headed hydra (8)]
 23621 | Lair:6   | Slain by an eight-headed hydra

Vault maps used:
D:1:      lightli_arrival_maybe_door_vault, corexii_item_surrounded_by_moat,
          corexii_item_surrounded_by_moat
D:2:      old_standard_altar
D:3:      evilmike_ruin_ashenzari, lightli_temple_of_fire, tso_altar,
          uniq_terence
D:4:      lemuel_crystal_altar
D:5:      gammafunk_pakellas_its_alive, first_bread, serial_shops,
          nicolae_shop_trees, minmay_hedge_maze
D:6:      lemuel_crystal_altar
D:7:      zin_academy, lemuel_round_altar, lemuel_round_altar, serial_shops,
          kennysheep_mini_moat
D:10:     grunt_lair_entry_orc_guard_hut, serial_shops, nicolae_shop_trees,
          guppyfry_shop_venom, uniq_erolcha, uniq_snorg
D:12:     minmay_orc_entry_guard_dogs, serial_co_window_serial,
          co_window_corner_a, co_window_of_opportunity_a,
          co_window_of_opportunity_a, co_window_of_opportunity_a,
          co_window_corner_a, co_window_of_opportunity_a, co_window_corner_a,
          co_window_unsneaky_path_c, co_window_corner_cb, co_window_2corner,
          co_window_of_opportunity_b, co_window_paths_d, glass_columns_a,
          glass_columns_b, glass_columns_c, glass_columns_b, glass_columns_a,
          hangedman_stone_soup, uniq_nessos
Temple:   cyrus_circular_temple
Lair:2:   kennysheep_rathole, minmay_swamp_entry_worms, portal_ice_cave_rime,
          grunt_forest_small_clearings, serial_bayou_pond_d
Lair:3:   guppyfry_snake_entry_garden
Lair:5:   nicolae_slime_entry_slimehenge, minmay_lair_drake_nest,
          serial_bayou_shore_a
Lair:6:   evilmike_catoblepas_cave, grunt_forest_large_clearings,
          infiniplex_staircase_pool_2
IceCv:    ice_cave_small_demon

Skill      XL: |  1  2  3  4  5  6  7  8  9 10 11 12 13 14 |
---------------+-------------------------------------------+-----
Dodging        | 1 2 |  2.0
Long Blades    | 3 4 5 6 7 8 9 10 11 12 | 12.0
Armour         | 3 4 5 6 7 9 10 11 13 | 13.2
Fighting       | 4 5 6 7 8 9 10 11 13 | 13.3
Shields        | 3 5 7 9 |  9.3
Invocations    | 3 5 8 |  8.0

Action                   |  1- 3 |  4- 6 |  7- 9 | 10-12 | 13-15 || total
-------------------------+-------+-------+-------+-------+-------++-------
Melee: Falchion          |   130 |   319 |   731 |  1201 |       ||  2381
       Double sword      |       |       |       |   297 |   283 ||   580
       Long sword        |       |       |       |    73 |   162 ||   235
Invok: Depart the Abyss  |     1 |       |       |       |       ||     1
       Bend Space        |       |       |       |    21 |     6 ||    27
       Banish            |       |       |       |     1 |     3 ||     4
 Abil: Dig               |       |       |     8 |    17 |     4 ||    29
Evoke: Wand              |       |       |     2 |     3 |       ||     5
  Use: Scroll            |       |     4 |       |    23 |    11 ||    38
       Potion            |       |       |     1 |     2 |     2 ||     5
 Stab: Distracted        |       |       |       |     4 |     7 ||    11
  Eat: Chunk             |     1 |     8 |    18 |    34 |    13 ||    74
       Fruit             |       |       |       |     4 |     2 ||     6
       Pizza             |       |       |       |     1 |       ||     1
Armor: Leather armour    |    44 |       |       |       |       ||    44
       Chain mail        |    15 |    30 |       |       |       ||    45
       Scale mail        |       |   103 |   227 |   529 |   192 ||  1051
       Plate armour      |       |       |       |     4 |       ||     4
Dodge: Dodged            |    54 |   140 |   230 |   420 |   149 ||   993
Block: Shield            |       |       |   174 |   742 |   286 ||  1202
